 Dungeon Crawl Stone Soup version 0.21-a0-260-g9b2435e (webtiles) character file.

36 Blomdor the Magician (level 3, -3/27 HPs)
             Began as a Barachi Wizard on Sept 7, 2017.
             Slain by Natasha (4 damage)
             ... on level 2 of the Dungeon.
             The game lasted 00:03:40 (1662 turns).

Blomdor the Magician (Barachi Wizard)               Turns: 1662, Time: 00:03:40

Health: -3/27      AC:  5    Str:  9    XL:     3   Next: 37%
Magic:  1/7        EV: 12    Int: 18    God:
Gold:   116        SH:  0    Dex: 10    Spells: 1/8 levels left

rFire    + . .     SeeInvis .   j - +0 short sword
rCold    . . .     Gourm    .   (no shield)
rNeg     . . .     Faith    .   a - +0 robe
rPois    .         Spirit   .   e - +1 helmet
rElec    .         Reflect  .   i - +0 cloak (curse)
rCorr    .         Harm     .   (no gloves)
MR       .....                  (no boots)
Stlth    ++........             (no amulet)
HPRegen  0.09/turn              l - ring of flight
MPRegen  0.10/turn              (no ring)

@: very slightly contaminated, slow
A: +LOS, swims, fire resistance 1, low mp 1, slowness 1, sturdy frame 1, strong
legs 1
a: Hop, Evoke Flight


You were on level 2 of the Dungeon.
You were hungry.

You visited 1 branch of the dungeon, and saw 2 of its levels.

You collected 116 gold pieces.

Inventory:

Hand Weapons
 j - a +0 short sword (weapon)
 p - a +0 hunting sling
Missiles
 q - 44 stones (quivered)
Armour
 a - a +0 robe (worn)
 e - a +1 helmet (worn)
 g - a +0 buckler
 i - a cursed +0 cloak (worn)
 m - a +0 scale mail
Jewellery
 l - a ring of flight (left hand)
Scrolls
 h - a scroll of identify {unknown}
 o - a scroll of teleportation
Potions
 b - a potion of lignification
 n - 2 potions of mutation
Books
 c - a book of Minor Magic

   Spells                             Type                      Level
   a - Magic Dart                     Conjuration                  1
   b - Blink                          Translocation                2
   c - Call Imp                       Summoning                    2
   d - Slow                           Hexes                        2
   e - Conjure Flame                  Conjuration/Fire             3
   f - Mephitic Cloud                 Conjuration/Poison/Air       3
Comestibles
 d - 3 bread rations
 k - 2 royal jellies
 r - a meat ration


   Skills:
 + Level 2.0 Fighting
 + Level 1.6 Armour
 - Level 2.1 Dodging
 - Level 1.7 Stealth
 + Level 1.6 Shields
 - Level 3.2 Spellcasting
 - Level 1.1 Conjurations
   Level 1.2 Summonings
   Level 1.1 Translocations


You had one spell level left.
You knew the following spells:

 Your Spells              Type           Power        Failure   Level  Hunger
a - Magic Dart            Conj           #...         10%         1    None
b - Mephitic Cloud        Conj/Pois/Air  #.......     38%         3    ###....
c - Conjure Flame         Conj/Fire      #.......     36%         3    ###....


Dungeon Overview and Level Annotations

Branches:
Dungeon (2/15)

Altars:
Elyvilon
Nemelex Xobeh

Annotations:
D:2 Natasha


Innate Abilities, Weirdness & Mutations

Shadows flee at your approach. (+LOS)
You can swim through water.
You cover ground slowly.
You can hop short distances.
Your flesh is heat resistant. (rF+)
Your magical capacity is low. (-10% MP)
Your movements are slightly less encumbered by armour. (ER -2)


Message History

Aim: Natasha (severely wounded)
You miscast Magic Dart.
Nothing appears to happen.
Casting: Magic Dart
Confirm with . or Enter, or press ? or * to list all spells.
Aiming: Magic Dart
Press: ? - help, Shift-Dir - straight line, f/p - Natasha
Aim: Natasha (severely wounded)
The magic dart hits Natasha.
Natasha is severely wounded.
Natasha claws you.
* * * LOW HITPOINT WARNING * * *
Casting: Magic Dart
Confirm with . or Enter, or press ? or * to list all spells.
Aiming: Magic Dart
Press: ? - help, Shift-Dir - straight line, f/p - Natasha
Aim: Natasha (severely wounded)
The magic dart hits Natasha.
Natasha is severely wounded.
Natasha claws you.
You die...

#.###.#.# #.# ##..##...# #####.##
##..##..## #......## _#..##..#
#.......# ##......# #..##...#
###.###.# #..#....### ##.###.##
#..#.#....#
##.#.#.#.##.##########..#.#..#..#
#.###.#.)##.....@h5..#..........#
.## ##.......#######....%..♣....#
..###.##.###.# #.##...♣.♣..##
##.#.###... #.###.♣._.♣ .....#
##### #<# ..♣.♣..# ##.#(# #.#
...♣...# ##.#.### #.. .......#
.......# #.# ......## .....#.#
..# #######


You could see Natasha and a shadow imp.

Vanquished Creatures
  An adder (D:2)
  A leopard gecko (D:2)
  A ball python (D:2)
  5 goblins
  2 hobgoblins (D:1)
  3 jackals (D:1)
  4 kobolds (D:1)
  3 bats (D:2)
  A frilled lizard (D:1)
  A rat (D:1)
22 creatures vanquished.

Notes
Turn   | Place    | Note
-------+----------+-------------------------------------------
     0 | D:1      | Blomdor the Barachi Wizard began the quest for the Orb.
     0 | D:1      | Reached XP level 1. HP: 13/13 MP: 4/4
   108 | D:1      | Reached skill level 1 in Fighting
   310 | D:1      | Reached XP level 2. HP: 8/21 MP: 0/6
   536 | D:1      | Reached skill level 1 in Shields
   837 | D:1      | Reached skill level 1 in Armour
  1085 | D:2      | Noticed Natasha
  1233 | D:2      | Reached XP level 3. HP: 22/27 MP: 7/7
  1292 | D:2      | Learned a level 3 spell: Mephitic Cloud
  1296 | D:2      | Learned a level 3 spell: Conjure Flame
  1332 | D:2      | Found a white marble altar of Elyvilon.
  1555 | D:2      | Found a sparkling altar of Nemelex Xobeh.
  1606 | D:2      | Found a faded altar of an unknown god.
  1619 | D:2      | Gained mutation: Your magical capacity is low. (-10% MP) [potion of mutation]
  1619 | D:2      | Gained mutation: Your movements are slightly less encumbered by armour. (ER -2) [potion of mutation]
  1619 | D:2      | Gained mutation: Your flesh is heat resistant. (rF+) [potion of mutation]
  1661 | D:2      | HP: 1/27 [Natasha (2)]
  1662 | D:2      | Slain by Natasha

Vault maps used:
D:1:      lightli_arrival_lavapool
D:2:      nicolae_overflow_hidden_temple, nemelex_xobeh_ov_fountains_minmay,
          first_bread, chequers_ecumenical_altar_simple_redux, uniq_natasha

Skill      XL: |  1  2  3 |
---------------+----------+-----
Fighting       | 1 2 |  2.0
Shields        | 1 |  1.6
Armour         | 1 |  1.6
Dodging        | |  2.1
Stealth        | |  1.7
Spellcasting   | |  3.2
Conjurations   | |  1.1
Summonings     | |  1.2
Translocations | |  1.1

Action                   || total
-------------------------++-------
Melee: Club              ||    18
       Unarmed           ||     3
       Short sword       ||    79
 Cast: Magic Dart        ||    19
       Mephitic Cloud    ||     1
 Abil: Hop               ||     1
  Use: Scroll            ||     4
       Potion            ||     2
 Stab: Sleeping          ||     1
       Confused          ||     1
  Eat: Chunk             ||     2
Armor: Robe              ||    27
       Skin              ||     7
Dodge: Dodged            ||    84

Table legend:
 A = Spawn XP
 B = Non-spawn XP
 C = Spawn XP percentage of total XP
 D = Spawn monster count
 E = Non-spawn monster count
 F = Spawn count percentage of total count
 G = Total turns spent on level
                    A         B        C        D         E        F      G
               +---------+---------+-------+---------+---------+-------+---------
         Total |       0 |      52 |   0.0 |       0 |      22 |   0.0 |  1662
               +---------+---------+-------+---------+---------+-------+---------
           D:1 |       0 |      25 |   0.0 |       0 |      14 |   0.0 |  1123
           D:2 |       0 |      27 |   0.0 |       0 |       8 |   0.0 |   539
               +---------+---------+-------+---------+---------+-------+---------
